 Dungeon Crawl Stone Soup version 0.29.1-12-g30fa7ad0bf (webtiles) character file.

Game seed: 751902817329168674

356 MisterFreud the Changer (level 6, -1/51 HPs)
             Began as a Draconian Transmuter on Dec 18, 2022.
             Slain by Edmund
             ... wielding a +2 vorpal dire flail
              (2 damage)
             ... on level 5 of the Dungeon.
             The game lasted 00:03:43 (3594 turns).

MisterFreud the Changer (Draconian Transmuter)      Turns: 3594, Time: 00:03:44

Health: -1/51      AC:  2    Str: 12    XL:     6   Next: 36%
Magic:  6/9        EV: 19    Int: 16    God:
Gold:   81         SH:  0    Dex: 16    Spells: 3/9 levels left

rFire   . . .      SeeInvis .     - Unarmed
rCold   . . .      Faith    .   (shield currently unavailable)
rNeg    . . .      Spirit   .   (body armour unavailable)
rPois   x          Reflect  .   (helmet currently unavailable)
rElec   .          Harm     .   (cloak currently unavailable)
rCorr   .          Rampage  .   (gloves currently unavailable)
Will    .....                   (boots currently unavailable)
Stlth   +.........              (no amulet)
HPRegen 0.17/turn               (no ring)
MPRegen 0.11/turn               (no ring)

@: spider-form
A: venomous fangs, AC +6, tiny, unfitting armour, (cold-blooded)
a: End Transformation


You were on level 5 of the Dungeon.
You were a venomous arachnid creature.
You visited 1 branch of the dungeon, and saw 5 of its levels.

You collected 191 gold pieces.
You spent 110 gold pieces at shops.

Inventory:

Missiles
 l - 4 javelins
 o - 6 poisoned darts
Armour
 g - a +0 pair of gloves (melded)
Jewellery
 b - a ring of poison resistance
Wands
 q - a wand of roots (5)
Scrolls
 f - a scroll of immolation
 k - a scroll of magic mapping
 p - a scroll of fear {unknown}
Potions
 a - a potion of lignification
 c - a potion of flight {unknown}
 d - a potion of cancellation {unknown}
 e - 2 potions of might
 h - a potion of attraction {unknown}
 i - a potion of invisibility {unknown}
 j - a potion of magic {unknown}
 m - a potion of degeneration {unknown}
 n - 2 potions of curing
 r - a potion of ambrosia {unknown}


   Skills:
 + Level 3.5 Fighting
 - Level 1.7 Dodging
 + Level 4.3 Unarmed Combat
 - Level 2.0 Spellcasting
 - Level 5.0 Transmutations
 - Level 1.0 Poison Magic


You had 3 spell levels left.
You knew the following spells:

 Your Spells              Type           Power      Damage    Failure   Level
a - Beastly Appendage     Tmut           34%        N/A       10%         1
b - Wereblood             Tmut           17%        N/A       13%         2
c - Spider Form           Tmut/Pois      11%        N/A       38%         3

Your spell library contained the following spells:

 Spells                   Type           Power      Damage    Failure   Level
 Ice Form                 Ice/Tmut       9%         N/A       78%         4
 Iskenderun's Battlesphe  Conj           1%         2d6       100%        5
 Iron Shot                Conj/Erth      0%         9d1       100%        6
 Spellforged Servitor     Conj/Summ      0%         N/A       100%        7


Dungeon Overview and Level Annotations

Branches:
Dungeon (6/15)
 Temple: D:4-7

Altars:

Shops:
D:3 !   D:6 =

Annotations:
D:3 1 runed translucent door, diceflayer's ghost, amateur DsHu
D:5 Edmund


Innate Abilities, Weirdness & Mutations

You are a venomous arachnid creature.
You have poisonous fangs.
You are tiny and dextrous.
Your spellcasting is less reliable in this form.
Your armour is entirely melded.
You are incapable of wielding weapons or throwing items.
((Your plain brown scales are hard. (AC +6)))
You cannot fit into any form of body armour.
((You are cold-blooded and may be slowed by cold attacks.))


Message History

Blork the orc completely misses you.
You hit Blork the orc.
Blork the orc is severely wounded.
Your transformation is almost over.
Blork the orc misses you. Blork the orc completely misses you.
You bite Blork the orc!
You kill Blork the orc!
Things that are here:
a +0 battleaxe; a +0 robe You start resting.
Your transformation has ended.
Your +0 pair of gloves unmelds from your body.
You start resting.
Magic restored.
You start resting.
HP restored.
There is a stone staircase leading up here.
You climb upwards.
Level annotation: Edmund Edmund hits you with a +2 vorpal dire flail.
There is a stone staircase leading down, spattered with blood here.
Casting: Spider Form (dangerous; 19% risk of failure)
Confirm with . or Enter, or press ? or * to list all spells.
You turn into a venomous arachnid creature.
Your +0 pair of gloves melds into your body.
Edmund hits you with a +2 vorpal dire flail!
Unknown command.
You barely miss Edmund. Edmund closely misses you.
You hit Edmund but do no damage.
Edmund is poisoned.
Edmund completely misses you.
Unknown command.
You hit Edmund but do no damage.
Edmund looks even sicker.
Edmund hits you with a +2 vorpal dire flail!
* * * LOW HITPOINT WARNING * * *
Unknown command.
You completely miss Edmund.
Edmund is lightly wounded.
Edmund hits you with a +2 vorpal dire flail!
* * * LOW HITPOINT WARNING * * *
You die...

####
....###
.......####
..........
.........
......@.#
.......s#
........#
........#
.....##.#
.###. ).. #
#.. #..
...#


You could see Edmund (very poisoned).

Vanquished Creatures
  A centaur (D:6)
  Blork the orc (D:6)
  An orc priest (D:6)
  A hound (D:6)
  An iguana (D:6)
  Robin (D:3)
  3 gnolls (D:3)
  An adder (D:3)
  2 dart slugs
  8 orcs
  4 bats
  5 endoplasms
  5 giant cockroaches
  12 goblins
  5 hobgoblins
  2 jackals (D:3)
  2 quokkas
  3 ball pythons
  A frilled lizard (D:2)
  2 rats
61 creatures vanquished.

Vanquished Creatures (others)
  8 demonic plants (D:3)
  2 fungi (D:3)
  A plant (D:3)
  5 withered plants (D:3)
16 creatures vanquished.

Grand Total: 77 creatures vanquished

Notes
Turn   | Place    | Note
-------+----------+-------------------------------------------
     0 | D:1      | MisterFreud the Draconian Transmuter began the quest for
                  | the Orb.
     0 | D:1      | Reached XP level 1. HP: 16/16 MP: 3/3
   317 | D:1      | Reached XP level 2. HP: 9/23 MP: 3/5
   548 | D:1      | Learned a level 2 spell: Wereblood
   579 | D:1      | Reached skill level 3 in Transmutations
  1176 | D:2      | Reached XP level 3. HP: 26/28 MP: 6/6
  1530 | D:3      | Found a faded altar of an unknown god.
  1599 | D:3      | Reached skill level 4 in Transmutations
  1725 | D:3      | Noticed Robin
  1745 | D:3      | Killed Robin
  1746 | D:3      | Reached XP level 4. HP: 27/35 MP: 7/7
  1824 | D:3      | Learned a level 3 spell: Spider Form
  1839 | D:3      | Found Elurisuc's Distillery.
  1844 | D:3      | Bought a potion of might for 44 gold pieces
  1844 | D:3      | Bought 2 potions of curing for 66 gold pieces
  2101 | D:3      | Found a runed translucent door.
  2101 | D:3      | Noticed diceflayer's ghost (amateur DsHu)
  2256 | D:3      | Reached skill level 5 in Transmutations
  2532 | D:3      | You fall into a shaft and drop 3 floors!
  2595 | D:6      | Reached XP level 5. HP: 40/40 MP: 4/8
  2890 | D:6      | Reached skill level 1 in Poison Magic
  3185 | D:6      | Noticed a centaur
  3195 | D:6      | Killed a centaur
  3199 | D:6      | Reached XP level 6. HP: 21/51 MP: 6/9
  3431 | D:6      | Found Aneuquq's Jewellery Shoppe.
  3454 | D:5      | Entered Level 5 of the Dungeon
  3454 | D:5      | Noticed Blork the orc
  3454 | D:5      | Noticed Edmund
  3465 | D:6      | Killed Blork the orc
  3594 | D:5      | HP: 1/51 [Edmund/+2 vorpal dire flail (13)]
  3594 | D:5      | Slain by Edmund

Illustrated notes

Levels and vault maps discovered:
D:1:      minmay_arrival_open_corners, layout_basic, solitary_fountain
D:2:      layout_rooms
D:3:      layout_loops_corners, shapermc_ecumenical_altar_gd, serial_shops,
          nicolae_shop_temple_entry_statues_fountains,
          hellmonk_ghost_happy_afterlife, kennysheep_generic_room_7, uniq_robin
D:5:      layout_basic, uniq_blork_the_orc, uniq_edmund, uniq_grinder
D:6:      layout_basic, minmay_temple_entry_sparse_star, serial_shops,
          nicolae_stop_n_shop_1, nicolae_shop_bloodbath_and_beyond, shop,
          hangedman_decor_points

Skill      XL: |  1  2  3  4  5 |
---------------+----------------+-----
Transmutations | 3 4 5 |  5.0
Fighting       | 3 |  3.5
Poison Magic   | 1 |  1.0
Unarmed Combat | 4 |  4.3
Dodging        | |  1.7
Spellcasting   | |  2.0

Action                   |  1- 3 |  4- 6 || total
-------------------------+-------+-------++-------
Melee: Unarmed           |   103 |    81 ||   184
       Kick              |    22 |     3 ||    25
       Headbutt          |    10 |     2 ||    12
       Tailslap          |    10 |     1 ||    11
       Punch             |     1 |       ||     1
 Cast: Beastly Appendage |    25 |     5 ||    30
       Spider Form       |       |     7 ||     7
  Use: Scroll            |       |     3 ||     3
 Stab: Sleeping          |     1 |       ||     1
Armor: Skin              |    29 |     8 ||    37
Dodge: Dodged            |    60 |    63 ||   123
